 Dungeon Crawl Stone Soup version 0.30-a0-365-ge7f957f1db (webtiles) character file.

Game seed: 2302201364315069490

10615 mopl the Covert (level 11, -14/73 HPs)
             Began as an Octopode Delver on Nov 16, 2022.
             Was a High Priest of Dithmenos.
             Demolished by a centaur warrior
             ... wielding a +1 vampiric short sword
              (17 damage)
             ... on level 10 of the Dungeon.
             The game lasted 00:29:35 (10763 turns).

mopl the Covert (Octopode Delver)                  Turns: 10763, Time: 00:29:35

Health: -14/73     AC: -3    Str: 10    XL:     11   Next: 64%
Magic:  0/20       EV: 12    Int: 30    God:    Dithmenos [*****.]
Gold:   650        SH: 10    Dex: 12    Spells: 7/22 levels left

rFire   . . .      SeeInvis +    a - +2 dagger (venom)
rCold   . . .      Faith    .    m - +0 kite shield
rNeg    . . .      Spirit   +    (helmet restricted)
rPois   .          Reflect  .    F - amulet of guardian spirit
rElec   +          Harm     .    B - ring of see invisible
rCorr   .          Rampage  .    M - +6 ring of intelligence
Will    .....                    (no ring)
Stlth   +++++++++.               (no ring)
HPRegen 0.32/turn                (no ring)
MPRegen 0.17/turn                (no ring)
                                 (no ring)
                                 (no ring)

@: corroded, wreathed by umbra
A: almost no armour, amphibious, 8 rings, camouflage 1, gelatinous body 1,
(nimble swimmer 1), tentacles, clever 2, robust 1, electricity resistance
a: Renounce Religion, Shadow Step, Shadow Form


You were on level 10 of the Dungeon.
You worshipped Dithmenos.
Dithmenos was extremely pleased with you.
You visited 1 branch of the dungeon, and saw 10 of its levels.

You collected 650 gold pieces.

Inventory:

Hand Weapons
 a - a +2 dagger of venom (weapon)
 b - a +3 falchion of protection
 O - a +2 dagger of draining
Missiles
 o - 8 javelins
 p - 33 poisoned darts (quivered)
 s - 4 curare-tipped darts
 H - 6 atropa-tipped darts
 K - 3 boomerangs
 R - 2 throwing nets
Armour
 m - a +0 kite shield (worn)
 G - a +0 buckler
Jewellery
 B - a ring of see invisible (left tentacle)
 F - an amulet of guardian spirit (around mantle)
 M - a +6 ring of intelligence (right tentacle)
 N - a ring of ice
 S - an amulet of faith {!P}
 U - an amulet of the acrobat
Wands
 f - a wand of digging (7)
 E - a wand of charming (17)
 J - a wand of flame (52)
 Q - a wand of roots (7)
Scrolls
 c - 2 scrolls of magic mapping
 d - 2 scrolls of fear
 g - 3 scrolls of blinking {unknown}
 q - 2 scrolls of silence {unknown}
 r - 5 scrolls of teleportation {unknown}
 u - a scroll of enchant armour {unknown}
 v - 6 scrolls of immolation {unknown}
 x - a scroll of amnesia {unknown}
 y - 4 scrolls of fog
 A - 4 scrolls of enchant weapon {unknown}
 D - 2 scrolls of poison {unknown}
 I - a scroll of torment {unknown}
 L - a scroll of summoning {unknown}
 T - a scroll of brand weapon {unknown}
Potions
 e - 2 potions of haste
 h - 2 potions of cancellation
 i - 5 potions of flight
 j - a potion of resistance
 k - 3 potions of heal wounds
 l - 2 potions of degeneration
 n - 3 potions of lignification {!q}
 t - 3 potions of curing
 w - 2 potions of magic
 z - 3 potions of mutation {!q}
 C - 2 potions of brilliance
 P - 2 potions of might


   Skills:
 - Level 3.3 Fighting
 - Level 3.0 Long Blades
 - Level 2.4 Dodging
 + Level 12.0 Stealth
 + Level 6.8 Shields
 + Level 6.2 Spellcasting
 * Level 10.0 Hexes
 - Level 3.0 Necromancy
 + Level 2.4 Transmutations
 - Level 3.0 Ice Magic
 + Level 2.2 Earth Magic
 - Level 6.0 Poison Magic
 - Level 2.0 Invocations
 - Level 2.2 Evocations


You had 7 spell levels left.
You knew the following spells:

 Your Spells              Type           Power      Damage    Failure   Level
a - Anguish               Hex/Necr       24%        N/A       10%         4
b - Ensorcelled Hibernat  Hex/Ice        96%        N/A       1%          2
c - Mephitic Cloud        Conj/Pois/Air  21%        N/A       19%         3
o - Olgreb's Toxic Radia  Pois           45%        N/A       12%         4
p - Passwall              Tmut/Erth      19%        N/A       8%          2

Your spell library contained the following spells:

 Spells                   Type           Power      Damage    Failure   Level
 Sting                    Tmut/Pois      100%       1d8       2%          1
 Cigotuvi's Dreadful Rot  Necr/Pois/Air  54%        N/A       6%          2
 Poisonous Vapours        Pois/Air       54%        N/A       6%          2
 Spider Form              Tmut/Pois      34%        N/A       7%          3
 Dispel Undead            Necr           27%        3d13      36%         4
 Gell's Gravitas          Tloc           9%         N/A       38%         3
 Swiftness                Air            9%         N/A       38%         3
 Alistair's Intoxication  Tmut/Pois      22%        N/A       54%         5
 Borgnjor's Vile Clutch   Necr/Erth      12%        N/A       77%         5
 Manifold Assault         Tloc           9%         N/A       80%         4
 Passage of Golubria      Tloc           9%         N/A       80%         4
 Eringya's Noxious Bog    Tmut/Pois      17%        N/A       98%         6
 Death Channel            Necr           13%        N/A       99%         6


Dungeon Overview and Level Annotations

Branches:
Dungeon (10/15)            Temple (0/1) D:5            Lair (0/5) D:10
    Orc: D:9-12

Altars:
Cheibriados
Dithmenos
Elyvilon
Fedhas
Okawaru
Xom
The Shining One

Shops:
D:8 :

Annotations:
D:9 3 runed translucent doors, mopl's ghost, novice HODe


Innate Abilities, Weirdness & Mutations

You cannot wear most types of armour.
You are amphibious.
You can wear up to eight rings at the same time.
Your skin changes colour to match your surroundings (Stealth+).
Your rubbery body absorbs attacks. (AC +1, EV +1)
((You are camouflaged when in or above water. (Stealth+)))
You have tentacles for arms and can constrict up to eight enemies at once.
Your mind is very acute. (Int +8, Str/Dex -2)
You are robust. (+10% HP)
You are resistant to electric shocks. (rElec)


Message History

Unknown command.
The centaur warrior is engulfed in noxious fumes.
The centaur warrior grins madly.
The brown ugly thing trunk-slaps you.
You are splashed with acid!
The centaur warrior is engulfed in noxious fumes.
The centaur warrior appears confused.
You see here an ugly thing corpse.
Unknown command.
You barely miss the brown ugly thing. Your grab misses the brown ugly thing.
The brown ugly thing is moderately wounded.
A howler monkey comes into view.
The centaur warrior is engulfed in noxious fumes.
Unknown command.
You hit the brown ugly thing. You grab the brown ugly thing.
You squeeze the brown ugly thing, but do no damage.
The brown ugly thing is moderately wounded.
You constrict the brown ugly thing, but do no damage.
The brown ugly thing trunk-slaps itself.
The howler monkey hoots and howls with incredible vigour!
The centaur warrior is engulfed in noxious fumes.
You hear a shout!
You hit the brown ugly thing.
The brown ugly thing is heavily wounded.
You constrict the brown ugly thing.
The centaur warrior is engulfed in noxious fumes.
The brown ugly thing trunk-slaps you!
You are splashed with acid!
Unknown command.
You are too injured to fight recklessly!
Unknown command.
You hit the brown ugly thing.
The brown ugly thing looks even sicker.
The brown ugly thing is heavily wounded.
You constrict the brown ugly thing, but do no damage.
The brown ugly thing seems less confused.
A centaur comes into view. It is wielding a +0 whip.
The brown ugly thing trunk-slaps you!
* * * LOW HITPOINT WARNING * * *
The acid corrodes you!
You are splashed with acid!
* * * LOW HITPOINT WARNING * * *
The centaur warrior hits you with a +1 vampiric short sword!
You die...

.....## #c. .. .#..............#
......## #.###. .##.........#...#
......##.#:.... ..#.........#.###
~......#.##....#..##..#...###)...
..#....##...[......#..........#..
~.......#...#.....###.........#.#
~~...##.##..###°###.#c......###..
.....##..#..........'#..........#
......##.##...°c@u.h.#..........#
......##..#.###.###..##....#..###
.......##.##.#)..#....#..####....
........#..#.##.##..#.##.##..).).
........##.##.#.#..#.#.#.....)#.#
~...)...##..#.###......##...)##..
....<.)..#..##.#........#........
.............#.#..#.#.#.##.....##
.............##..#.#.#.#.#...#.#


You could see a brown ugly thing (very poisoned), a centaur warrior (confused,
poisoned, corroded), a centaur and a howler monkey (catching breath).

Vanquished Creatures
  A tengu warrior (D:10)
  A two-headed ogre (D:9)
  An ogre mage (D:10)
  A wizard (D:10)
  Pikel (D:7)
  An orc knight (D:10)
  An ugly thing (D:10)
  2 trolls (D:10)
  A vampire (D:10)
  A shadow (D:9)
  5 yaks (D:10)
  A vampire mosquito (D:10)
  Eustachio (D:4)
  Grum (D:8)
  2 black bears
  7 orc warriors
  An ice beast (D:6)
  2 sky beasts (D:7)
  An ogre (D:6)
  7 wolves
  5 centaurs
  6 kobold brigands
  2 bullfrogs
  2 gnoll sergeants
  2 scorpions
  4 wights (D:6)
  9 killer bees
  3 electric eels (D:10)
  6 howler monkeys
  6 hounds
  6 orc priests
  A gnoll bouda (D:8)
  4 iguanas
  Terence (D:2)
  14 orc wizards
  5 adders
  15 gnolls
  A white imp (D:8)
  An ufetubus (D:5)
  A worm (D:5)
  5 dart slugs
  36 orcs
  4 ball pythons
  7 endoplasms
  5 giant cockroaches
  7 goblins
  10 hobgoblins
  7 jackals
  3 quokkas (D:3)
  5 bats
  3 frilled lizards (D:1)
  33 kobolds
  3 rats
261 creatures vanquished.

Vanquished Creatures (others)
  A troll (D:10)
  A vampire mosquito (D:10)
  6 plants (D:5)
8 creatures vanquished.

Grand Total: 269 creatures vanquished

Notes
Turn   | Place    | Note
-------+----------+-------------------------------------------
     0 | D:5      | mopl the Octopode Delver began the quest for the Orb.
     0 | D:5      | Reached XP level 1. HP: 16/16 MP: 1/1
    38 | D:5      | Noticed an orc wizard
    42 | D:5      | Noticed an orc wizard
    44 | D:5      | Noticed an orc wizard
    49 | D:4      | Killed an orc wizard
    50 | D:4      | Reached skill level 1 in Evocations
    50 | D:4      | Reached XP level 2. HP: 4/21 MP: 2/2
    51 | D:4      | Reached XP level 3. HP: 5/26 MP: 3/3
   139 | D:3      | Found a shadowy altar of Dithmenos.
   154 | D:3      | Became a worshipper of Dithmenos the Shadowed
   509 | D:1      | Reached skill level 7 in Stealth
   687 | D:1      | Reached XP level 4. HP: 31/31 MP: 4/4
   710 | D:1      | Learned a level 2 spell: Ensorcelled Hibernation
   813 | D:1      | Reached * piety under Dithmenos
  1180 | D:2      | Noticed Terence
  1190 | D:2      | Killed Terence
  1191 | D:2      | Reached skill level 3 in Long Blades
  1789 | D:3      | Reached XP level 5. HP: 36/36 MP: 5/5
  1896 | D:3      | Reached skill level 1 in Hexes
  1896 | D:3      | Reached skill level 1 in Invocations
  2031 | D:3      | Learned a level 2 spell: Passwall
  2282 | D:4      | Reached skill level 1 in Shields
  2533 | D:4      | Noticed Eustachio
  2550 | D:4      | Killed Eustachio
  2551 | D:4      | Reached skill level 1 in Spellcasting
  2551 | D:4      | Reached skill level 2 in Hexes
  2551 | D:4      | Reached skill level 1 in Ice Magic
  2551 | D:4      | Reached skill level 2 in Evocations
  2551 | D:4      | Reached XP level 6. HP: 17/42 MP: 7/7
  2665 | D:4      | Reached ** piety under Dithmenos
  2898 | D:4      | Found a snail-covered altar of Cheibriados.
  3122 | D:5      | Reached skill level 2 in Invocations
  3162 | D:5      | Reached skill level 2 in Shields
  3162 | D:5      | Reached skill level 3 in Hexes
  3162 | D:5      | Reached XP level 7. HP: 46/46 MP: 7/9
  3307 | D:5      | Reached skill level 2 in Ice Magic
  3348 | D:5      | Found a staircase to the Ecumenical Temple.
  3377 | D:5      | Reached skill level 8 in Stealth
  3435 | D:5      | Reached skill level 2 in Spellcasting
  3444 | D:5      | Reached skill level 4 in Hexes
  3448 | D:5      | Reached XP level 8. HP: 40/52 MP: 7/11
  3902 | D:6      | Got the Incunable of Air and Coordinates
  3921 | D:6      | Reached skill level 3 in Shields
  3928 | D:6      | Reached *** piety under Dithmenos
  3950 | D:6      | Reached skill level 3 in Ice Magic
  3993 | D:6      | Found a white marble altar of Elyvilon.
  4124 | D:6      | Reached skill level 5 in Hexes
  4400 | D:6      | Reached skill level 3 in Spellcasting
  4554 | D:6      | Reached skill level 9 in Stealth
  4702 | D:6      | Gained mutation: Your mind is acute. (Int +4, Str/Dex -1)
                  | [potion of mutation]
  4702 | D:6      | Gained mutation: You are robust. (+10% HP) [potion of
                  | mutation]
  4702 | D:6      | Gained mutation: You are resistant to electric shocks.
                  | (rElec) [potion of mutation]
  4702 | D:6      | Gained mutation: Your mind is very acute. (Int +8, Str/Dex
                  | -2) [potion of mutation]
  4713 | D:6      | Reached skill level 4 in Shields
  4713 | D:6      | Reached XP level 9. HP: 38/62 MP: 3/14
  4876 | D:6      | Reached skill level 6 in Hexes
  5290 | D:7      | Learned a level 4 spell: Olgreb's Toxic Radiance
  5318 | D:7      | Found a shimmering altar of Xom.
  5400 | D:7      | Noticed Pikel
  5420 | D:7      | Killed Pikel
  5421 | D:7      | Reached skill level 4 in Spellcasting
  5421 | D:7      | Reached skill level 7 in Hexes
  5421 | D:7      | Reached skill level 1 in Poison Magic
  5643 | D:7      | Found a blossoming altar of Fedhas.
  5683 | D:7      | Reached skill level 2 in Poison Magic
  5849 | D:8      | Reached skill level 10 in Stealth
  6032 | D:8      | Reached **** piety under Dithmenos
  6134 | D:8      | Reached skill level 5 in Shields
  6276 | D:8      | Noticed Grum
  6287 | D:8      | Killed Grum
  6295 | D:8      | Reached skill level 3 in Poison Magic
  6299 | D:8      | Reached XP level 10. HP: 45/69 MP: 10/16
  6586 | D:8      | Found Paulekum's Book Emporium.
  6685 | D:8      | Found an iron altar of Okawaru.
  6893 | D:8      | Learned a level 3 spell: Mephitic Cloud
  6898 | D:8      | Learned a level 4 spell: Anguish
  7072 | D:9      | Reached skill level 8 in Hexes
  7405 | D:8      | Identified a scroll of acquirement
  7406 | D:8      | Acquired a +6 ring of intelligence
  7534 | D:9      | Noticed a two-headed ogre
  7719 | D:9      | Found a runed translucent gate.
  7719 | D:9      | Found a runed translucent gate.
  7719 | D:9      | Found a runed translucent gate.
  7768 | D:9      | Noticed mopl's ghost (novice HODe)
  7953 | D:9      | Reached skill level 1 in Necromancy
  7994 | D:9      | Reached skill level 5 in Spellcasting
  8094 | D:9      | Killed a two-headed ogre
  8095 | D:9      | Reached skill level 4 in Poison Magic
  8194 | D:10     | Entered Level 10 of the Dungeon
  8403 | D:10     | Found a glowing golden altar of the Shining One.
  8682 | D:10     | Reached skill level 11 in Stealth
  8682 | D:10     | Reached skill level 2 in Necromancy
  8960 | D:10     | Reached skill level 6 in Shields
  9387 | D:10     | Reached skill level 9 in Hexes
  9397 | D:10     | Reached skill level 5 in Poison Magic
  9522 | D:10     | Reached XP level 11. HP: 73/73 MP: 13/19
  9846 | D:10     | Reached skill level 3 in Necromancy
 10067 | D:10     | Reached ***** piety under Dithmenos
 10238 | D:10     | Reached skill level 1 in Transmutations
 10239 | D:10     | Reached skill level 1 in Earth Magic
 10366 | D:10     | Found a staircase to the Lair.
 10478 | D:10     | Noticed a tengu warrior
 10478 | D:10     | Noticed an orc knight
 10502 | D:10     | Killed a tengu warrior
 10503 | D:10     | Killed an orc knight
 10504 | D:10     | Reached skill level 6 in Spellcasting
 10644 | D:10     | Noticed a wizard
 10655 | D:10     | Killed a wizard
 10656 | D:10     | Reached skill level 2 in Transmutations
 10697 | D:10     | Noticed an ogre mage
 10698 | D:10     | Paralysed by an ogre mage for 3 turns
 10708 | D:10     | Killed an ogre mage
 10709 | D:10     | Reached skill level 12 in Stealth
 10709 | D:10     | Reached skill level 2 in Earth Magic
 10745 | D:10     | Noticed a purple ugly thing
 10745 | D:10     | Noticed a brown ugly thing
 10746 | D:10     | Noticed a centaur warrior
 10757 | D:10     | Killed a purple ugly thing
 10758 | D:10     | Reached skill level 10 in Hexes
 10758 | D:10     | Reached skill level 6 in Poison Magic
 10763 | D:10     | HP: 3/73 [acid (8)]
 10763 | D:10     | Demolished by a centaur warrior

Illustrated notes

Levels and vault maps discovered:
D:1:      minmay_arrival_open_corners, layout_loops_ring, minmay_quantized
D:2:      layout_basic, minmay_pentomino_p4, uniq_terence
D:3:      layout_rooms, grunt_dithmenos_smoke, kennysheep_generic_room_9
D:4:      layout_cave_pools, chei_slow_surprise, uniq_eustachio
D:5:      layout_loops_corners, minmay_temple_entry_gardened_gates
D:6:      layout_basic, overflow_temple_1_default
D:7:      layout_basic, mainiacjoe_overflow_large_starburst, uniq_pikel
D:8:      layout_loops_ring, lemuel_round_altar, serial_shops,
          nicolae_shop_stone, uniq_grum
D:9:      layout_irregular_city, gammafunk_ghost_icy
D:10:     minmay_the_grid_triangle_9x9_rhombus_thin_mashed
          [minmay_the_grid_triangle_9x9_dagger,
          minmay_the_grid_triangle_9x9_prize_schism,
          minmay_the_grid_triangle_9x9_zippers_horizontal,
          minmay_the_grid_triangle_9x9_windchime], layout_cave_pools,
          mainiacjoe_overflow_paths, erik_lair_island, david_orc_4,
          hangedman_decor_points, minmay_misc_feat_rugged, st_stairs_5,
          evilmike_butchery

Skill      XL: |  1  2  3  4  5  6  7  8  9 10 11 |
---------------+----------------------------------+-----
Evocations     | 1 2 |  2.2
Stealth        | 7 8 9 10 11 12 | 12.0
Long Blades    | 3 |  3.0
Hexes          | 2 3 4 5 7 9 10 | 10.0
Invocations    | 1 2 |  2.0
Shields        | 1 2 4 5 6 |  6.8
Spellcasting   | 1 2 3 4 5 6 |  6.2
Ice Magic      | 1 2 3 |  3.0
Poison Magic   | 3 5 6 |  6.0
Necromancy     | 2 3 |  3.0
Transmutations | 2 |  2.4
Earth Magic    | 2 |  2.2
Fighting       | |  3.3
Dodging        | |  2.4

Action                   |  1- 3 |  4- 6 |  7- 9 | 10-12 || total
-------------------------+-------+-------+-------+-------++-------
Melee: Falchion          |    48 |    25 |    98 |   113 ||   284
       Constrict         |     9 |    24 |    44 |    47 ||   124
       Tentacles         |     8 |    34 |    49 |    64 ||   155
       Dagger            |       |   107 |   118 |   147 ||   372
       Punch             |       |     2 |     4 |     7 ||    13
       Unarmed           |       |       |     2 |       ||     2
Throw: Dart              |       |     3 |    24 |    32 ||    59
 Cast: Ensorcelled Hiber |       |     1 |       |     2 ||     3
       Olgreb's Toxic Ra |       |       |       |    31 ||    31
       Anguish           |       |       |       |     3 ||     3
       Mephitic Cloud    |       |       |       |     9 ||     9
Evoke: Wand              |       |       |     1 |     5 ||     6
  Use: Scroll            |       |     1 |     7 |     4 ||    12
       Potion            |       |       |     5 |       ||     5
 Stab: Sleeping          |     8 |    28 |    25 |     5 ||    66
       Distracted        |       |       |       |     1 ||     1
       Confused          |       |       |       |     1 ||     1
Armor: Skin              |     4 |     3 |    31 |    36 ||    74
Dodge: Dodged            |    31 |    39 |   112 |   154 ||   336
Block: Kite shield       |     4 |    32 |    97 |   145 ||   278

Table legend: (Time is in decaauts)
 A = Elapsed time spent in this place.
 B = Non-inter-level travel time spent in this place.
 C = Inter-level travel time spent in this place.
 D = Time resting spent in this place.
 E = Time spent auto-exploring this place.
 F = Levels seen in this place.
 G = Mean time per level.
                   A        B        C        D        E       F      G
               +--------+--------+--------+--------+--------+-----+--------+
         Total |  10848 |  10552 |    296 |   3232 |   4994 |  10 | 1084.8 |
       Dungeon |  10848 |  10552 |    296 |   3232 |   4994 |  10 | 1084.8 |
               +--------+--------+--------+--------+--------+-----+--------+

Top non-repeatable levels by time:
     D:9: 2228 daAuts
    D:10: 1446 daAuts
     D:8: 1321 daAuts
     D:6: 1281 daAuts
     D:5: 976 daAuts
     D:2: 831 daAuts
     D:3: 733 daAuts
     D:1: 687 daAuts
     D:7: 673 daAuts
     D:4: 667 daAuts
